 Dungeon Crawl Stone Soup version 0.18-b1-22-ge198996 (webtiles) character file.

22 graki42 the Magician (level 2, 0/15 HPs)
             Began as a Deep Elf Wizard on May 5, 2016.
             Slain by a jackal (1 damage)
             ... on level 2 of the Dungeon.
             The game lasted 00:03:18 (839 turns).

graki42 the Magician (Deep Elf Wizard)               Turns: 839, Time: 00:03:19

Health: 0/15       AC:  2    Str:  4    XL:     2   Next: 68%
Magic:  6/10       EV: 13    Int: 22    God:
Gold:   17         SH:  0    Dex: 13    Spells: 5 memorised, 2 levels left

rFire  . . .     SeeInvis .     (no weapon)
rCold  . . .     Gourm    .     a - +0 robe
rNeg   . . .     Faith    .     (no shield)
rPois  .         Spirit   .     b - +0 hat
rElec  .         Dismiss  .     (no cloak)
rCorr  .         Reflect  .     (no gloves)
SustAt .         Harm     .     (no boots)
MR     .....                    (no amulet)
Stlth  ++........               (no ring)
                                (no ring)

@: not resistant to hostile enchantments, unstealthy
A: no striking features
a: no special abilities


You were on level 2 of the Dungeon.
You were not hungry.

You visited 1 branch of the dungeon, and saw 2 of its levels.

You collected 17 gold pieces.

Inventory:

Armour
 a - a +0 robe (worn)
 b - a +0 hat (worn)
Scrolls
 f - 2 scrolls of remove curse {unknown}
 i - a scroll of blinking {unknown}
 j - a scroll of enchant armour {unknown}
Potions
 e - a potion of resistance {unknown}
 h - 2 potions of curing {unknown}
 k - a potion of might {unknown}
Books
 c - a book of Minor Magic

   Spells                             Type                      Level
   a - Magic Dart                     Conjuration                  1
   b - Blink                          Translocation                2
   c - Call Imp                       Summoning                    2
   d - Repel Missiles                 Charms/Air                   2
   e - Slow                           Hexes                        2
   f - Conjure Flame                  Conjuration/Fire             3
   g - Mephitic Cloud                 Conjuration/Poison/Air       3
Comestibles
 d - 4 bread rations


   Skills:
 + Level 2.7 Dodging
 + Level 2.8 Stealth
 + Level 5.2 Spellcasting
 + Level 1.2 Conjurations
 + Level 1.1 Summonings
 + Level 1.1 Translocations


You had 2 spell levels left.
You knew the following spells:

 Your Spells              Type           Power        Failure   Level  Hunger
a - Magic Dart            Conj           ##..         8%          1    None
b - Blink                 Tloc           N/A          12%         2    None
c - Call Imp              Summ           ##......     12%         2    None
d - Repel Missiles        Chrm/Air       #.....       17%         2    None
e - Slow                  Hex            #.......     17%         2    None


Dungeon Overview and Level Annotations

Branches:
Dungeon (2/15)

Altars:


Message History

The jackal barks! x2
The jackal closely misses you. The bat closely misses you.
The jackal misses you. The jackal barely misses you.
The bat completely misses you. The jackal barely misses you.
The jackal bites you.
* * * LOW HITPOINT WARNING * * *
The jackal closely misses you. The bat misses you. The jackal bites you.
* * * LOW HITPOINT WARNING * * *
The jackal closely misses you. The jackal barely misses you.
Found 9 gold pieces.
The bat hits you.
* * * LOW HITPOINT WARNING * * *
The jackal closely misses you.
Read which item? (? for menu, Esc to quit)
As you read the scroll labeled TOHACWE KEUCHI, it crumbles to dust.
You feel aware of your surroundings.
You sensed 3 altars.
It was a scroll of magic mapping.
The bat hits you but does no damage. The bat barely misses you.
The jackal bites you.
You die...

,,,,*,,<*,...,*,,,,,,* *,***
**,,,,,,,..g#.*,,,,,,* **#*,***
,,,,,,,*,..$..##***#######..,,**>
**,,,,,,*#......####......,*****,
,,,,,,,,,,......,..$..(.#*** *,,,
**,,,,,,,,##....###.....#### *,,*
*,,,,,,,,........bh.......######
***,,,,,.####.bh.hgS...........#
**,,,,*,,.......@h###..%........#
,,,,,,,**#.........##.....ยง...w..
,,,,,,,**....................$...
,,,,,,,**.......#.....g..........
,,,,,,,**.......#..#.g..........#
,,,,,,,**.......#...#.....g.....#
,,,,,,,,,.......#...#.#..#....###
,,,,,,,*,...........?....g......*
,,,,,,,,,,,,,*######.....#####S..


You could see Ijyb (wandering), 2 gnolls, an adder, 4 jackals, a hobgoblin and 2
bats.

Vanquished Creatures
  2 bats (D:1)
  2 giant cockroaches (D:1)
  A goblin (D:1)
  5 hobgoblins (D:1)
  A ball python (D:1)
  A giant newt (D:1)
  A kobold (D:1)
  4 rats (D:1)
17 creatures vanquished.

Vanquished Creatures (collateral kills)
  An ooze (D:1)
1 creature vanquished.

Grand Total: 18 creatures vanquished

Notes
Turn   | Place    | Note
--------------------------------------------------------------
     0 | D:1      | graki42 the Deep Elf Wizard began the quest for the Orb.
     0 | D:1      | Reached XP level 1. HP: 10/10 MP: 7/7
   249 | D:1      | Reached XP level 2. HP: 14/15 MP: 7/9
   253 | D:1      | Learned a level 2 spell: Blink
   256 | D:1      | Learned a level 2 spell: Call Imp
   259 | D:1      | Learned a level 2 spell: Repel Missiles
   262 | D:1      | Learned a level 2 spell: Slow
   605 | D:1      | Reached skill level 5 in Spellcasting
   839 | D:2      | Slain by a jackal

Skill      XL: |  1  2 |
---------------+-------+-----
Spellcasting   | 5 |  5.2
Dodging        | |  2.7
Stealth        | |  2.8
Conjurations   | |  1.2
Summonings     | |  1.1
Translocations | |  1.1

Action                   || total
-------------------------++-------
Melee: Unarmed           ||    13
 Cast: Magic Dart        ||    39
       Blink             ||     2
       Call Imp          ||     2
       Slow              ||     1
  Use: Scroll            ||     1
Armor: Robe              ||     5
Dodge: Dodged            ||    36
